 Dungeon Crawl Stone Soup version 0.29-a0-520-gc852659d43 (webtiles) character file.

Game seed: 10197375809845816446

19 xian the Gusty (level 2, 0/15 HPs)
             Began as a Gargoyle Air Elementalist on May 31, 2022.
             Killed from afar by an orc wizard (2 damage)
             ... with a magic dart
             ... on level 1 of the Dungeon.
             The game lasted 00:03:01 (1026 turns).

xian the Gusty (Gargoyle Air Elementalist)          Turns: 1026, Time: 00:03:06

Health: 0/15       AC:  5    Str: 11    XL:     2   Next: 75%
Magic:  3/5        EV: 12    Int: 15    God:
Gold:   66         SH:  0    Dex: 10    Spells: 4/5 levels left

rFire   . . .      SeeInvis .   c - +0 spear
rCold   . . .      Faith    .   (no shield)
rNeg    + . .      Spirit   .   a - +0 robe
rPois   ∞          Reflect  .   h - +0 helmet
rElec   +          Harm     .   (no cloak)
rCorr   .          Rampage  .   (no gloves)
Will    .....                   (no boots)
Stlth   ++........              (no amulet)
HPRegen 0.05/turn               (no ring)
MPRegen 0.09/turn               (no ring)

@: about to teleport
A: sickness immunity, AC +2, negative energy resistance 1, electricity
resistance, torment resistance 1, petrification resistance
a: no special abilities


You were on level 1 of the Dungeon.
You visited 1 branch of the dungeon, and saw 2 of its levels.

You collected 66 gold pieces.

Inventory:

Hand Weapons
 c - a +0 spear (weapon)
Armour
 a - a +0 robe (worn)
 h - a +0 helmet (worn)
Scrolls
 e - a scroll of identify
 f - a scroll of noise {unknown}
 i - a scroll of immolation
Potions
 b - a potion of magic
 d - a potion of attraction {unknown}
 g - 2 potions of curing {unknown}


   Skills:
 + Level 1.6 Dodging
 + Level 2.1 Stealth
 + Level 2.3 Spellcasting
 + Level 1.1 Conjurations
 + Level 2.9 Air Magic


You had 4 spell levels left.
You knew the following spells:

 Your Spells              Type           Power      Damage    Failure   Level
a - Shock                 Conj/Air       28%        1d4       10%         1

Your spell library contained the following spells:

 Spells                   Type           Power      Damage    Failure   Level
 Static Discharge         Conj/Air       7%         N/A       14%         2
 Swiftness                Air            10%        N/A       19%         3
 Gell's Gravitas          Tloc           1%         N/A       54%         3
 Lesser Beckoning         Tloc           1%         N/A       54%         3
 Teleport Other           Tloc           1%         N/A       54%         3
 Airstrike                Air            5%         N/A       54%         4


Dungeon Overview and Level Annotations

Branches:
Dungeon (2/15)

Altars:


Innate Abilities, Weirdness & Mutations

You are immune to sickness and miasma.
Your stone body is resilient. (AC +2)
You are immune to poison.
You resist negative energy. (rN+)
You are resistant to electric shocks. (rElec)
You are resistant to unholy torment.
You are immune to petrification.


Message History

There is a stone staircase leading down here.
Okay, then.
The zap misses the orc wizard.
The orc wizard closely misses you.
The orc hits you with a +2 dagger of venom.
Aiming: Shock (safe; 10% risk of failure)
Press: ? - help, Q - select action Shift-Dir - straight line, f/p - orc wizard
Aim: an orc wizard, wielding a +0 dagger and wearing a +0 robe (60% to hit)
The zap hits the orc wizard.
The orc wizard is lightly wounded.
The orc wizard points at you and mumbles some strange words.
You are confused.
The orc hits you but does no damage.
You bump into the rock wall.
The orc wizard hits you but does no damage.
The orc hits you with a +2 dagger of venom.
The orc wizard hits you with a +0 dagger.
The orc closely misses you.
You climb downwards.
The orc closely misses you. The orc barely misses you.
There is a stone staircase leading up here.
The orc hits you with a +0 mace.
* * * LOW HITPOINT WARNING * * *
The orc barely misses you. The orc closely misses you.
The orc wizard barely misses you.
You climb upwards.
You feel less confused.
There is a stone staircase leading down here.
As you read the scroll labelled ZENOEVO BASMUM, it crumbles to dust.
It is a scroll of identify.
i - a scroll of immolation The orc barely misses you. x2; The orc wizard barely misses you.
Really read the scroll of immolation?
Okay, then.
As you read the scroll labelled KOZORGHUGAPA, it crumbles to dust.
You feel strangely unstable.
It was a scroll of teleportation.
The orc hits you with a +0 mace.
* * * LOW HITPOINT WARNING * * *
The orc hits you but does no damage.
The orc wizard gestures at you while chanting.
The magic dart hits you.
You die...

.....##.#.#..###.# #.......#
..............##.##### #.......#
..###...###.#.##.#...# #........
#.#G#...#G#....#.#...# #........
#.###...###....#.#...# ######.#.
#.........)......#...# ##...#.
#....._..)....#.o#...# #....#.
#.............#oo#...# #..#.#.
#.###...###...'o@#...# ###..#.#.
#.#G#[..#G#...####...# #....#.#.
..###[..###...#......####.##.#.#.
..............#.####.##......#.#.
#####.#..######.# #.##.##.....##
#...#######.# #....########
###.........# ###### ###########


You could see an orc wizard and 3 orcs.

Vanquished Creatures
  2 endoplasms (D:1)
  A giant cockroach (D:1)
  2 goblins (D:1)
  2 hobgoblins (D:1)
  2 quokkas (D:1)
  2 ball pythons (D:1)
  3 bats (D:1)
  2 kobolds (D:1)
  2 rats (D:1)
18 creatures vanquished.

Notes
Turn   | Place    | Note
-------+----------+-------------------------------------------
     0 | D:1      | xian the Gargoyle Air Elementalist began the quest for the
                  | Orb.
     0 | D:1      | Reached XP level 1. HP: 10/10 MP: 3/3
   166 | D:1      | Noticed an eye of devastation
   167 | D:1      | Noticed a golden eye
   169 | D:1      | Found a faded altar of an unknown god.
   173 | D:1      | Noticed an eye of devastation
   181 | D:1      | Noticed a great orb of eyes
   184 | D:1      | Reached XP level 2. HP: 14/15 MP: 0/5
  1026 | D:1      | Killed from afar by an orc wizard

Illustrated notes

Levels and vault maps discovered:
D:1:      evilmike_arrival_rings, layout_basic,
          hellmonk_ecumenical_altar_watching_god
D:2:      layout_loops_ring, uniq_robin

Action                   || total
-------------------------++-------
Melee: Spear             ||     4
       Unarmed           ||     2
 Cast: Shock             ||    28
  Use: Scroll            ||     2
Armor: Robe              ||     4
Dodge: Dodged            ||    13

Table legend: (Time is in decaauts)
 A = Elapsed time spent in this place.
 B = Non-inter-level travel time spent in this place.
 C = Inter-level travel time spent in this place.
 D = Time resting spent in this place.
 E = Time spent auto-exploring this place.
 F = Levels seen in this place.
 G = Mean time per level.
                   A        B        C        D        E       F      G
               +--------+--------+--------+--------+--------+-----+--------+
         Total |   1027 |   1003 |     24 |      0 |    826 |   2 |  513.5 |
       Dungeon |   1027 |   1003 |     24 |      0 |    826 |   2 |  513.5 |
               +--------+--------+--------+--------+--------+-----+--------+

Top non-repeatable levels by time:
     D:1: 1022 daAuts
     D:2: 4 daAuts
